 Dungeon Crawl Stone Soup version 0.26.0-3-g156281e41b (webtiles) character file.

Game seed: 14349903428450579224

816 Destapler the Shield-Bearer (level 7, -4/63 HPs)
             Began as a Minotaur Fighter on Jan 9, 2021.
             Was a Follower of Makhleb.
             Slain by a two-headed ogre
             ... wielding a +0 giant club
              (13 damage)
             ... on level 5 of the Dungeon.
             The game lasted 00:08:34 (4098 turns).

Destapler the Shield-Bearer (Minotaur Fighter)      Turns: 4098, Time: 00:08:35

Health: -4/63      AC:  8    Str: 22    XL:     7   Next: 62%
Magic:  6/6        EV:  8    Int:  5    God:    Makhleb [*.....]
Gold:   241        SH: 11    Dex: 12    Spells: 6/6 levels left

rFire    . . .     SeeInvis .   b - +3 flail
rCold    . . .     Faith    .   c - +1 kite shield
rNeg     . . .     Spirit   .   y - +0 scale mail
rPois    .         Reflect  .   (helmet restricted)
rElec    +         Harm     .   (no cloak)
rCorr    .         Rampage  .   k - +0 pair of gloves
Will     +....                  (no boots)
Stlth    ..........             B - amulet of regeneration
HPRegen  0.60/turn              (no ring)
MPRegen  0.10/turn              (no ring)

@: no status effects
A: retaliatory headbutt, horns 2, agile 1, blink, strong-willed 1, electricity
resistance
a: Blink, Renounce Religion


You were on level 5 of the Dungeon.
You worshipped Makhleb.
Makhleb was aware of your devotion.
You visited 2 branches of the dungeon, and saw 6 of its levels.

You collected 241 gold pieces.

Inventory:

Hand Weapons
 a - a +1 hand axe of venom
 b - a +3 flail (weapon)
Missiles
 e - 6 silver javelins
 l - 36 poisoned darts (quivered)
 v - 2 boomerangs
 x - 2 javelins
Armour
 c - a +1 kite shield (worn)
 k - a +0 pair of gloves (worn)
 y - a +0 scale mail (worn)
Jewellery
 B - an amulet of regeneration (around neck)
Wands
 t - a wand of iceblast (7)
 C - a wand of enslavement (5)
Scrolls
 f - 4 scrolls of enchant armour
 g - a scroll of remove curse
 m - a scroll of teleportation
 p - a scroll of blinking
 u - 4 scrolls of enchant weapon {unknown}
Potions
 d - 2 potions of might
 h - a potion of brilliance {unknown}
 i - 3 potions of heal wounds
 j - a potion of magic {unknown}
 n - a potion of resistance {unknown}
 o - 2 potions of curing {unknown}
 q - 2 potions of mutation
 r - a potion of invisibility {unknown}
 s - 2 potions of attraction {unknown}
 z - 2 potions of flight {unknown}


   Skills:
 + Level 6.1 Fighting
 + Level 5.4 Maces & Flails
 + Level 0.6 Throwing
 - Level 6.0 Armour
 + Level 1.0 Dodging
 + Level 0.5 Stealth
 + Level 6.1 Shields
 + Level 0.6 Invocations
 + Level 0.6 Evocations


You had 6 spell levels left.
You didn't know any spells.
Your spell library contained the following spells:

 Spells                   Type           Power        Failure   Level
 Magic Dart               Conj           0%           99%         1
 Blink                    Tloc           N/A          99%         2
 Call Imp                 Summ           0%           99%         2
 Slow                     Hex            0%           99%         2
 Conjure Flame            Conj/Fire      0%           100%        3
 Mephitic Cloud           Conj/Pois/Air  0%           100%        3


Dungeon Overview and Level Annotations

Branches:
Dungeon (5/15)             Temple (1/1) D:4

Altars:
Ashenzari
Dithmenos
Elyvilon
Gozag
Kikubaaqudgha
Makhleb
Okawaru
Ru
Sif Muna
Uskayaw
Wu Jian
The Shining One

Shops:
D:5 :


Innate Abilities, Weirdness & Mutations

You reflexively headbutt those who attack you in melee.
You have a pair of horns on your head.
You are agile. (Dex +2)
You can translocate small distances at will.
You are strong-willed. (Will+)
You are resistant to electric shocks. (rElec)


Message History

You hit the two-headed ogre.
The two-headed ogre is poisoned.
The two-headed ogre is moderately wounded.
The two-headed ogre closely misses you. You furiously retaliate!
You headbutt the two-headed ogre!
The two-headed ogre hits you with a +0 giant club!
Your shield prevents you from hitting the two-headed ogre.
You headbutt the two-headed ogre!
The two-headed ogre is heavily wounded.
You hit the two-headed ogre.
The two-headed ogre looks as sick as possible!
The two-headed ogre is severely wounded.
The two-headed ogre hits you with a +0 giant club!
* * * LOW HITPOINT WARNING * * *
The two-headed ogre hits you with a +0 giant club!
* * * LOW HITPOINT WARNING * * *
Your +1 hand axe of venom stops dripping with poison.
b - a +3 flail (weapon)
The two-headed ogre closely misses you.
The two-headed ogre hits you with a +0 giant club!
You die...

..# #.###..# #### #.#
#..# # #.###..## #
#######.......### #
#.....#..##.....######
#........##...#[#.....
#....((#.##...........
#....O...####..##.....
#....@##........######
####### ........# #
#.##..... # #.##... #
.##... # # ## ##.


You could see a two-headed ogre (extremely poisoned).

Vanquished Creatures
  Menkaure (D:5)
  A sky beast (D:5)
  An ice beast (D:5)
  A big kobold (D:4)
  An orc priest (D:3)
  A centaur skeleton (D:5)
  4 orc wizards
  Ijyb (D:5)
  2 worker ants
  A hound zombie (D:5)
  5 adders
  An ooze (D:3)
  6 worms
  3 dart slugs
  4 leopard geckos
  13 orcs
  5 bats
  8 giant cockroaches
  3 goblins
  8 hobgoblins
  3 jackals (D:1)
  6 quokkas
  4 ball pythons
  23 kobolds
  A quokka skeleton (D:4)
  A quokka zombie (D:5)
  8 rats
116 creatures vanquished.

Vanquished Creatures (others)
  35 plants
35 creatures vanquished.

Grand Total: 151 creatures vanquished

Notes
Turn   | Place    | Note
-------+----------+-------------------------------------------
     0 | D:1      | Destapler the Minotaur Fighter began the quest for the Orb.
     0 | D:1      | Reached XP level 1. HP: 19/19 MP: 0/0
    42 | D:1      | Reached XP level 2. HP: 27/27 MP: 1/1
   337 | D:1      | Reached XP level 3. HP: 33/33 MP: 2/2
  1586 | D:3      | Reached XP level 4. HP: 40/40 MP: 3/3
  1718 | D:3      | Reached XP level 5. HP: 44/47 MP: 4/4
  2046 | D:3      | Found a shadowy altar of Dithmenos.
  2453 | D:4      | Reached skill level 5 in Armour
  2454 | D:4      | Reached skill level 5 in Shields
  2478 | D:4      | Reached skill level 5 in Fighting
  2480 | D:4      | Reached XP level 6. HP: 48/56 MP: 5/5
  2498 | D:4      | Found a staircase to the Ecumenical Temple.
  2522 | Temple   | Entered the Ecumenical Temple
  2573 | Temple   | Became a worshipper of Makhleb the Destroyer
  2641 | D:4      | Found an ornate altar of the Wu Jian Council.
  3577 | D:4      | Reached * piety under Makhleb
  3731 | D:5      | Entered Level 5 of the Dungeon
  3731 | D:5      | Noticed an ice beast
  3736 | D:5      | Killed an ice beast
  3741 | D:5      | Reached skill level 5 in Maces & Flails
  3741 | D:5      | Reached XP level 7. HP: 46/62 MP: 6/6
  3783 | D:5      | Noticed Menkaure
  3796 | D:5      | HP: 2/62 [Menkaure (11)]
  3798 | D:5      | Killed Menkaure
  3814 | D:5      | Gained mutation: You are strong-willed. (Will+) [potion of
                  | mutation]
  3814 | D:5      | Gained mutation: You are resistant to electric shocks.
                  | (rElec) [potion of mutation]
  3814 | D:5      | Gained mutation: You can translocate small distances at
                  | will. [potion of mutation]
  3814 | D:5      | Gained mutation: You are agile. (Dex +2) [potion of
                  | mutation]
  3925 | D:5      | Found Soownek's Book Shop.
  4043 | D:5      | Noticed Ijyb
  4051 | D:5      | Reached skill level 1 in Dodging
  4055 | D:5      | Killed Ijyb
  4074 | D:5      | Noticed a two-headed ogre
  4098 | D:5      | Slain by a two-headed ogre

Illustrated notes

Levels and vault maps discovered:
D:1:      evilmike_arrival_come_back, layout_loops_ring, minmay_pentomino_p2
D:2:      layout_loops_ring, corexii_leaking_fountain, serial_bayou_lagoon_a
D:3:      minmay_angry_zag, layout_loops_corners,
          nicolae_dithmenos_through_a_glass_darkly
D:4:      kennysheep_kobold_camp, layout_layer_cave, old_standard_altar,
          minmay_temple_entry_offerings
D:5:      layout_loops_cross, serial_shops, nicolae_shop_waterfront,
          uniq_menkaure, uniq_ijyb
Temple:   cyrus_temple_forest

Skill      XL: |  1  2  3  4  5  6  7 |
---------------+----------------------+-----
Armour         | 4 5 6 |  6.0
Fighting       | 4 5 6 |  6.1
Shields        | 4 5 6 |  6.1
Maces & Flails | 3 4 5 |  5.4
Dodging        | 1 |  1.0
Throwing       | |  0.6
Stealth        | |  0.5
Invocations    | |  0.6
Evocations     | |  0.6

Action                   |  1- 3 |  4- 6 |  7- 9 || total
-------------------------+-------+-------+-------++-------
Melee: Flail             |   102 |    34 |     4 ||   140
       Headbutt          |     8 |    19 |    11 ||    38
       Hand axe          |       |    91 |    41 ||   132
Throw: Dart              |     7 |       |     3 ||    10
  Use: Scroll            |       |       |     7 ||     7
       Potion            |       |       |     2 ||     2
Armor: Scale mail        |    46 |    44 |    11 ||   101
Dodge: Dodged            |    37 |    38 |    12 ||    87
Block: Kite shield       |    63 |    55 |    22 ||   140
